 Dungeon Crawl Stone Soup version 0.23.1 (webtiles) character file.

Game seed: 12076542796464299797

1141 Laiders72 the Firebug (level 8, -10/57 HPs)
             Began as a Yellow Draconian Fire Elementalist on Mar 8, 2019.
             Killed by nerve-wracking pain
             ... invoked by an orc priest
              (14 damage)
             ... on level 6 of the Dungeon on Mar 9, 2019.
             The game lasted 00:23:43 (6105 turns).

Laiders72 the Firebug (DrFE)                        Turns: 6105, Time: 00:23:43

Health: -10/57     AC:  8    Str: 14    XL:     8   Next: 14%
Magic:  16/25      EV: 12    Int: 18    God:
Gold:   413        SH:  0    Dex: 12    Spells: 12/18 levels left

rFire    . . .     SeeInvis .   v - +3 long sword
rCold    . . .     Gourm    .   (no shield)
rNeg     . . .     Faith    .   (armour unavailable)
rPois    .         Spirit   .   (helmet restricted)
rElec    .         Reflect  .   n - +0 cloak
rCorr    +         Harm     .   (no gloves)
MR       .....                  t - +0 pair of boots
Stlth    ++........             (no amulet)
HPRegen  0.19/turn              x - ring "Ripuh" {MR- MP+9 Str+4}
MPRegen  0.19/turn              (no ring)

@: no status effects
A: spit acid, unfitting armour, cold-blooded, acid resistance, AC +6
a: Breathe Acid


You were on level 6 of the Dungeon.
You were not hungry.

You visited 1 branch of the dungeon, and saw 6 of its levels.

You collected 413 gold pieces.

Inventory:

Hand Weapons
 f - a +1 short sword of venom
 v - a +3 long sword (weapon)
Armour
 n - a +0 cloak (worn)
 t - a +0 pair of boots (worn)
Jewellery
 x - the ring "Ripuh" (left hand) {MR- MP+9 Str+4}
   (You found it on level 5 of the Dungeon)

   [ring of magical power]

   It affects your strength (+4).
   It affects your resistance to hostile enchantments.
   It affects your magic capacity (+9).
Scrolls
 d - 5 scrolls of teleportation
 g - 3 scrolls of fear {unknown}
 k - 4 scrolls of remove curse
 l - a scroll of identify
 m - 2 scrolls of enchant weapon {unknown}
 p - a scroll of random uselessness {unknown}
 r - a scroll of magic mapping {unknown}
 u - 2 scrolls of enchant armour
 w - a scroll of amnesia {unknown}
Potions
 a - a potion of agility {unknown}
 c - 3 potions of heal wounds
 e - 3 potions of curing
 h - 2 potions of cancellation
 i - 3 potions of brilliance
 j - 2 potions of might
 o - a potion of mutation {unknown}
 q - a potion of ambrosia {unknown}
 s - 3 potions of lignification
Comestibles
 b - 8 rations


   Skills:
 - Level 1.7 Dodging
 - Level 1.7 Stealth
 + Level 5.5 Spellcasting
 + Level 5.8 Conjurations
 - Level 6.0 Fire Magic


You had 12 spell levels left.
You knew the following spells:

 Your Spells              Type           Power        Failure   Level  Hunger
a - Flame Tongue          Conj/Fire      ####.        1%          1    None
b - Throw Flame           Conj/Fire      ####..       1%          2    None
c - Conjure Flame         Conj/Fire      ####....     3%          3    ##.....

Your spell library contained the following spells:

 Spells                   Type           Power        Failure   Level  Hunger
 Inner Flame              Hex/Fire       ###.....     11%         3    ##.....
 Sticky Flame             Conj/Fire      ####....     11%         4    ####...
 Animate Skeleton         Necr           N/A          13%         1    None
 Apportation              Tloc           #.....       13%         1    None
 Confusing Touch          Hex            #.....       13%         1    None
 Summon Small Mammal      Summ           #...         13%         1    None
 Fireball                 Conj/Fire      ####......   30%         5    #####..


Dungeon Overview and Level Annotations

Branches:
Dungeon (6/15)
 Temple: D:4-7

Altars:
Ashenzari
Dithmenos
Qazlal
Yredelemnul

Annotations:
D:6 Grinder


Innate Abilities, Weirdness & Mutations

You can spit globs of acid.
Your golden yellow scales are hard. (AC +6)
You cannot fit into any form of body armour.
You are cold-blooded and may be slowed by cold attacks.
You are resistant to acid. (rCorr)


Message History

The puff of flame hits the orc.
The orc is heavily wounded.
The orc barely misses you.
You riposte.
You slash the orc!
You kill the orc!
The orc priest mumbles some strange prayers to Beogh against you.
Beogh smites you!
* * * LOW HITPOINT WARNING * * *
There is a stone staircase leading up here.
Found 13 stones.
Casting: Throw Flame (safe; 1% risk of failure)
Confirm with . or Enter, or press ? or * to list all spells.
Aiming: Conjure Flame (safe; 3% risk of failure)
Press: ? - help, Dir - move target cursor The fire ignites!
The orc priest calls down the wrath of Beogh upon you.
Beogh smites you!
* * * LOW HITPOINT WARNING * * *
The orc priest calls down the wrath of Beogh upon you.
Pain shoots through your body!
You die...

####.###.#...<...#
#.# #. #.#.##....#
#.# .. ..#.......#
#.# ..#.##..#.#
#.#
....##..#.#####
#.# ...# #..#.#...
#.# .. ##.O#...##
#.# # #..o#....#.#
#.# #.#ยง.@.....#
#.# #(#.##..####
#.# ..#.. ...# #.#
#..#.###########
#.# #.
#.#....##...# #.#
#.#.####..#.# #.#
#.#.##...##.# #.#
..##.###.#.## #.#
#.#####.# #.#


You could see an orc priest.

Vanquished Creatures
  A hippogriff (D:5)
  2 sky beasts
  A centaur (D:5)
  2 ogres (D:5)
  2 crimson imps (D:5)
  3 orc wizards
  An orc priest (D:6)
  A bullfrog skeleton (D:5)
  An iguana (D:5)
  3 worker ants
  10 adders
  An ooze (D:5)
  2 adder skeletons (D:5)
  A worm (D:2)
  4 dart slugs
  3 leopard geckos
  22 orcs
  12 bats
  12 giant cockroaches
  9 goblins
  3 hobgoblins (D:3)
  7 jackals
  4 quokkas
  A ball python (D:2)
  5 frilled lizards
  A jackal zombie (D:2)
  7 kobolds
  2 leopard gecko skeletons (D:4)
  A quokka zombie (D:5)
  6 rats
130 creatures vanquished.

Notes
Turn   | Place    | Note
-------+----------+-------------------------------------------
     0 | D:1      | Laiders72 the Draconian Fire Elementalist began the quest
                  | for the Orb.
     0 | D:1      | Reached XP level 1. HP: 14/14 MP: 3/3
   337 | D:1      | Reached XP level 2. HP: 14/20 MP: 0/5
   594 | D:1      | Reached XP level 3. HP: 22/26 MP: 6/6
  1022 | D:2      | Reached XP level 4. HP: 33/33 MP: 2/8
  1026 | D:2      | Learned a level 2 spell: Throw Flame
  1368 | D:2      | Found a stormy altar of Qazlal.
  1372 | D:2      | Found a transporter.
  1372 | D:2      | Noticed a sky beast
  1383 | D:2      | Found a transporter.
  1814 | D:2      | Killed a sky beast
  1814 | D:2      | Reached skill level 4 in Fire Magic
  1814 | D:2      | Reached XP level 5. HP: 14/38 MP: 2/10
  2538 | D:3      | Reached XP level 6. HP: 25/45 MP: 3/11
  3811 | D:5      | Entered Level 5 of the Dungeon
  3871 | D:5      | Reached skill level 5 in Fire Magic
  3985 | D:5      | Your scales start taking on a golden yellow colour.
  3985 | D:5      | Reached XP level 7. HP: 25/50 MP: 13/13
  3985 | D:5      | Gained mutation: You are resistant to acid. (rCorr) [Yellow
                  | Draconian growth]
  4008 | D:5      | Found a shadowy altar of Dithmenos.
  4436 | D:5      | Noticed a hippogriff
  4446 | D:5      | Killed a hippogriff
  4446 | D:5      | Reached skill level 5 in Conjurations
  4476 | D:5      | Reached skill level 5 in Spellcasting
  4834 | D:5      | Found a shattered altar of Ashenzari.
  4834 | D:5      | Found a basalt altar of Yredelemnul.
  4996 | D:5      | Reached skill level 6 in Fire Magic
  5197 | D:5      | Reached XP level 8. HP: 57/57 MP: 1/15
  5204 | D:5      | Got a bound brass ring
  5205 | D:5      | Identified the ring "Ripuh" {MR- MP+9 Str+4} (You found it
                  | on level 5 of the Dungeon)
  5395 | D:6      | Learned a level 3 spell: Conjure Flame
  5472 | D:6      | Noticed Grinder
  6105 | D:6      | Killed from afar by an orc priest

Skill      XL: |  1  2  3  4  5  6  7 |
---------------+----------------------+-----
Conjurations   | 2 3 4 5 |  5.8
Spellcasting   | 3 4 5 |  5.5
Fire Magic     | 4 5 6 |  6.0
Dodging        | |  1.7
Stealth        | |  1.7

Action                   |  1- 3 |  4- 6 |  7- 9 || total
-------------------------+-------+-------+-------++-------
Melee: Dagger            |    80 |       |       ||    80
       Tailslap          |     5 |    11 |    11 ||    27
       Short sword       |     9 |   152 |    16 ||   177
       Long sword        |       |       |    41 ||    41
 Cast: Flame Tongue      |    29 |     8 |     2 ||    39
       Throw Flame       |       |    57 |    54 ||   111
       Conjure Flame     |       |       |     4 ||     4
  Use: Scroll            |     5 |     1 |     6 ||    12
 Stab: Sleeping          |     1 |     1 |       ||     2
  Eat: Chunk             |     1 |    12 |     4 ||    17
       Ration            |       |       |     1 ||     1
Armor: Skin              |    34 |    69 |    24 ||   127
Dodge: Dodged            |    68 |   131 |    53 ||   252
       Rpst.: Long sword |       |       |    11 ||    11
